Map: Dusk Towers

Players

NguyenSanity

  • Race: Terran Terran
  • League: Master

FoxeR - Winner!

  • Race: Terran Terran
  • League: Master

VOD

Have the link to the VOD?

Description

Time

  • Played on: Jan. 18, 2016, 10:01 p.m.
  • Length: 4:30
Show
View Real Time Build Order
Export as new Build Order

NguyenSanity Terran 

Build Orders:  

Get SALT Encoding   

  12  0:00  SCV  
  13  0:13  SCV  
  14  0:18  Supply Depot  
  14  0:25  SCV  
  15  0:39  SCV  
  15  0:41  Barracks  
  16  0:46  Refinery  
  16  0:51  SCV  
  17  1:03  SCV  
  18  1:11  Barracks  
  18  1:15  SCV  
  19  1:19  Refinery  
  19  1:29  Reaper  
  19  1:30  Orbital Command  
  20  1:40  Supply Depot  
  20  1:56  SCV  
  20  1:58  Reaper  
  22  2:01  Reaper  
  22  2:08  SCV  
  24  2:14  Supply Depot  
  24  2:20  SCV  
  25  2:30  Reaper  
  25  2:32  SCV  
  25  2:34  Reaper  
  28  2:50  Command Center  
  28  2:54  SCV  
  29  3:02  Reaper  
  30  3:06  Reaper  
  28  3:34  Reaper  
  28  3:38  Reaper  
  30  3:43  Factory  
  30  3:46  Command Center  
  30  3:47  SCV  
  31  3:59  SCV  
  31  4:02  Supply Depot  
  32  4:11  SCV  
Show
View Real Time Build Order
Export as new Build Order

FoxeR Terran - Winner!

Build Orders: 1/1/1, Cyclone Opening 

Get SALT Encoding   

  12  0:01  SCV  
  13  0:13  SCV  
  14  0:18  Supply Depot  
  14  0:25  SCV  
  15  0:39  SCV  
  15  0:42  Barracks  
  16  0:47  Refinery  
  16  0:52  SCV  
  16  0:54  Refinery  
  17  1:04  SCV  
  18  1:18  SCV  
  19  1:30  Orbital Command, Marine  
  20  1:35  Factory  
  20  1:48  Marine  
  21  1:57  SCV  
  22  2:13  Marine  
  23  2:18  Supply Depot  
  23  2:19  Factory Tech Lab  
  23  2:20  Starport  
  23  2:25  Supply Depot  
  23  2:39  SCV, Marine  
  23  2:40  Cyclone  
  28  2:52  SCV  
  29  2:58  Medivac  
  29  3:04  SCV  
  29  3:05  Marine  
  30  3:16  SCV  
  30  3:18  Siege Tank  
  33  3:23  Marine  
  34  3:34  Command Center  
  34  3:38  Supply Depot  
  34  3:41  Engineering Bay  
  34  3:47  SCV  
  35  4:02  SCV  
  36  4:07  Marine  
  37  4:14  SCV  
  38  4:17  Missile Turret  
  38  4:28  Barracks x2  
Tags
 
Add a new tag
Caveats
  • Supply blocks, unpowered buildings, or Contaminate may cause inaccurate times.
  • Supply counts are checked every 10 seconds.